 Dungeon Crawl Stone Soup version 0.25.0-3-gd7cc5688da (webtiles) character file.

Game seed: 9653355237800373843

60 HoaS the Ruffian (level 4, -2/28 HPs)
             Began as a Gargoyle Gladiator on June 15, 2020.
             Slain by Sigmund
             ... wielding a +2 vorpal scythe
              (3 damage)
             ... on level 2 of the Dungeon.
             The game lasted 00:02:43 (1774 turns).

HoaS the Ruffian (Gargoyle Gladiator)               Turns: 1774, Time: 00:02:43

Health: -2/28      AC:  9    Str: 18    XL:     4   Next: 6%
Magic:  4/4        EV: 11    Int:  9    God:
Gold:   25         SH:  0    Dex: 11    Spells: 3/3 levels left

rFire    . . .     SeeInvis .     - Unarmed
rCold    . . .     Gourm    .   (no shield)
rNeg     + . .     Faith    .   h - +0 ring mail
rPois    ∞         Spirit   .   b - +0 helmet
rElec    +         Reflect  .   (no cloak)
rCorr    .         Harm     .   (no gloves)
MR       .....                  (no boots)
Stlth    +.........             (no amulet)
HPRegen  0.09/turn              (no ring)
MPRegen  0.09/turn              (no ring)

@: no status effects
A: negative energy resistance 1, electricity resistance, unbreathing,
petrification resistance, rot immunity, AC +3
a: no special abilities


You were on level 2 of the Dungeon.
You were not hungry.

You visited 1 branch of the dungeon, and saw 2 of its levels.

You collected 25 gold pieces.

Inventory:

Missiles
 i - 7 javelins (quivered)
 j - 7 poisoned darts
Armour
 b - a +0 helmet (worn)
 h - a +0 ring mail (worn)
Potions
 e - 2 potions of curing
 f - a potion of heal wounds {unknown}
 g - a potion of resistance {unknown}
Comestibles
 d - 4 rations
 k - 7 chunks of flesh


   Skills:
 + Level 3.1 Fighting
 - Level 1.7 Throwing
 - Level 2.4 Dodging
 * Level 4.3 Unarmed Combat


You had 3 spell levels left.
You didn't know any spells.
Your spell library was empty.

Dungeon Overview and Level Annotations

Branches:
Dungeon (2/15)

Altars:

Annotations:
D:2 Sigmund


Innate Abilities, Weirdness & Mutations

You are resistant to torment.
Your stone body is resilient. (AC +3)
You are immune to poison.
You resist negative energy. (rN+)
You are resistant to electric shocks. (rElec)
You can survive without breathing.
You are immune to petrification.
You are immune to rotting.


Message History

You barely miss something. Something hits you but does no damage.
You barely miss something. You barely miss something.
Something hits you but does no damage.
You closely miss something. Something hits you but does no damage.
You closely miss something. You closely miss something.
Something hits you but does no damage.
You hit something but do no damage.
You hear some strange, mumbled words.
You are confused.
You bump into the rock wall.
Something hits you.
* * * LOW HITPOINT WARNING * * *
x2 You barely miss something.
You punch something. Something hits you but does no damage. Something hits you.
* * * LOW HITPOINT WARNING * * *
x2 You miss something.
Something hits you but does no damage.
You miss something.
You feel less confused. Something hits you.
You die...

...#
###.#.#
##(..(. #
.....
#.###.#.#
###.....(.#
.........#
#@.#
####.{#
#.....#
#.###.# #.#
#)#
#.###.###.#
.........#
###....####
#.......+


There were no monsters in sight!

Vanquished Creatures
  2 adders (D:2)
  2 oozes
  A worm (D:2)
  A leopard gecko (D:2)
  6 bats (D:1)
  A giant cockroach (D:1)
  3 goblins
  6 hobgoblins
  3 kobolds
  A frilled lizard (D:1)
  3 rats (D:1)
29 creatures vanquished.

Notes
Turn   | Place    | Note
-------+----------+-------------------------------------------
     0 | D:1      | HoaS the Gargoyle Gladiator began the quest for the Orb.
     0 | D:1      | Reached XP level 1. HP: 12/12 MP: 1/1
   461 | D:1      | Reached XP level 2. HP: 18/18 MP: 2/2
   992 | D:1      | Reached XP level 3. HP: 22/22 MP: 3/3
  1324 | D:2      | Reached skill level 4 in Unarmed Combat
  1724 | D:2      | Reached XP level 4. HP: 28/28 MP: 4/4
  1730 | D:2      | Noticed Sigmund
  1770 | D:2      | HP: 1/28 [something (1)]
  1774 | D:2      | Slain by Sigmund

Illustrated notes

Levels and vault maps discovered:
D:1:      dpeg_arrival_subterranean_lakeside_camping, layout_basic
D:2:      layout_loops_corners, uniq_sigmund

Skill      XL: |  1  2  3 |
---------------+----------+-----
Unarmed Combat | 4 |  4.3
Fighting       | 3 |  3.1
Throwing       | |  1.7
Dodging        | |  2.4

Action                   |  1- 3 |  4- 6 || total
-------------------------+-------+-------++-------
Melee: Unarmed           |   125 |    25 ||   150
       Punch             |     4 |     1 ||     5
Throw: Throwing net      |       |     3 ||     3
       Javelin           |       |     1 ||     1
  Use: Scroll            |     3 |       ||     3
  Eat: Chunk             |     3 |       ||     3
Armor: Leather armour    |    32 |       ||    32
       Ring mail         |    39 |     9 ||    48
Dodge: Dodged            |    83 |     4 ||    87
